 Dungeon Crawl Stone Soup version 0.30-a0-760-g5a9884bb7c (webtiles) character file.

Game seed: 15888297180135697365

238 tilp the Slasher (level 6, -1/52 HPs)
             Began as a Meteoran Fighter on Feb 11, 2023.
             Was an Initiate of Okawaru.
             Succumbed to an orc's poison
             ... on level 6 of the Dungeon.
             The game lasted 00:06:29 (1345 turns).

tilp the Slasher (Meteoran Fighter)                 Turns: 1345, Time: 00:06:30

Health: -1/52      AC:  8    Str: 17 (19) XL:     6   Next: 54%
Magic:  7/7        EV: 10    Int:  6 (9)  God:    Okawaru [......]
Gold:   84         SH:  5    Dex: 13 (15) Spells: 5/5 levels left

rFire   . . .      SeeInvis .    a - +0 long sword
rCold   . . .      Faith    .    c - +0 buckler
rNeg    . . .      Spirit   .    b - +0 scale mail
rPois   .          Reflect  .    (no helmet)
rElec   .          Harm     .    e - scarf {repulsion}
rCorr   .          Rampage  .    i - +0 pair of gloves
Will    .....                    (no boots)
Stlth   +                        (no amulet)
HPRegen 0.28/turn                (no ring)
MPRegen 0.10/turn                (no ring)

@: lethally poisoned (-1 -> -15), glowing, studying Fighting, repel missiles
A: sense surroundings 1, otherworldly, glowing, explore regen
a: Renounce Religion


You were on level 6 of the Dungeon.
You worshipped Okawaru.
Okawaru was noncommittal.
You visited 1 branch of the dungeon, and saw 6 of its levels.
You also visited: Sewer.

You collected 84 gold pieces.

Inventory:

Hand Weapons
 a - a +0 long sword (weapon)
 s - a +1 dagger of venom
Missiles
 o - 2 javelins (quivered)
 p - a curare-tipped dart
 q - 2 stones
 r - 12 poisoned darts
Armour
 b - a +0 scale mail (worn)
 c - a +0 buckler (worn)
 e - a scarf of repulsion (worn)
 i - a +0 pair of gloves (worn)
Scrolls
 k - a scroll of teleportation
 n - a scroll of fear
 u - a scroll of amnesia
Potions
 d - 2 potions of might
 f - a potion of resistance
 g - a potion of ambrosia
 j - a potion of haste {unknown}
 l - 2 potions of lignification
 m - 3 potions of heal wounds
 t - 2 potions of flight


   Skills:
 - Level 4.0 Fighting
 * Level 4.3 Long Blades
 - Level 4.0 Armour
 * Level 3.7 Dodging
 - Level 2.0 Stealth
 - Level 4.0 Shields


You had 5 spell levels left.
You didn't know any spells.
Your spell library was empty.

Dungeon Overview and Level Annotations

Branches:
Dungeon (6/15) Zot: 2378    Sewer (visited)
 Temple: D:4-7

Altars:
Okawaru

Shops:
D:3 [

Annotations:
D:3 1 runed translucent door, tilp's ghost, novice MeFi


Innate Abilities, Weirdness & Mutations

You passively map a small area around you.
You are easily found by Zot.
You glow in the dark.
You regain HP and MP as you explore.


Message History

You hit the orc.
The orc is almost dead.
You feel sick. The orc completely misses you.
You slash the orc!
You kill the orc!
Okawaru accepts your kill.
You feel sick.
You hit the orc but do no damage.
The orc is moderately wounded.
You feel sick.
You are no longer poisoned.
The orc hits you with a +2 dagger of venom.
* * * LOW HITPOINT WARNING * * *
You are poisoned.
You hit the orc.
The orc is almost dead.
You feel sick. The orc hits you but does no damage.
You are more poisoned.
You closely miss the orc.
The orc is almost dead.
You feel very sick.
The orc hits you with a +2 dagger of venom.
* * * LOW HITPOINT WARNING * * *
You are lethally poisoned!
The orc hits you but does no damage.
You are more poisoned.
You hit the orc but do no damage.
The orc is almost dead.
* * * LOW HITPOINT WARNING * * *
You feel extremely sick. You block the orc's attack.
You hit the orc but do no damage.
The orc is almost dead.
* * * LOW HITPOINT WARNING * * *
You feel very sick. The orc completely misses you.
It was a potion of degeneration.
There was something very wrong with that liquid.
You feel weakened.
You feel dopey.
You feel clumsy.
You die...

, , * * ,
, * *, *
*, , *, *
,# * * *
##.#.####
,,
#...oo@.#
*
#...###.#
* #., #..#
, #.## *
*, #.# ,,
#.# ,*
,####.# ,
,* #..#.#
,
,#.##.#*,*


You could see 2 orcs.

Vanquished Creatures
  2 kobold brigands (Sewer)
  2 adders
  2 river rats (Sewer)
  An ufetubus (D:4)
  2 worms
  A dart slug (D:2)
  5 orcs
  An endoplasm (D:4)
  3 goblins
  4 hobgoblins
  2 jackals (Sewer)
  8 kobolds
  2 quokkas (D:2)
  5 ball pythons
  A bat (D:2)
  2 frilled lizards (D:2)
  3 rats
46 creatures vanquished.

Notes
Turn   | Place    | Note
-------+----------+-------------------------------------------
     0 | D:1      | tilp the Meteoran Fighter began the quest for the Orb.
     0 | D:1      | Reached XP level 1. HP: 19/19 MP: 2/2
   122 | D:1      | Reached XP level 2. HP: 23/26 MP: 3/3
   150 | D:2      | Reached skill level 1 in Dodging
   150 | D:2      | Reached XP level 3. HP: 27/31 MP: 4/4
   365 | D:3      | Found Esusoh's Armour Shoppe.
   416 | D:3      | Found a runed translucent door.
   416 | D:3      | Noticed tilp's ghost (novice MeFi)
   529 | D:4      | Reached XP level 4. HP: 13/38 MP: 5/5
   540 | D:4      | Reached skill level 1 in Stealth
   777 | D:4      | Found an iron altar of Okawaru.
   785 | D:4      | Became a worshipper of Warmaster Okawaru
   853 | D:4      | Identified a scroll of acquirement
   853 | D:4      | Acquired a manual of Fighting
  1030 | D:4      | Found a glowing drain.
  1039 | Sewer    | Entered a sewer
  1053 | Sewer    | Reached XP level 5. HP: 41/46 MP: 6/6
  1085 | Sewer    | Noticed a kobold brigand
  1086 | Sewer    | Noticed a kobold brigand
  1100 | Sewer    | Killed a kobold brigand
  1101 | Sewer    | Reached XP level 6. HP: 13/52 MP: 7/7
  1168 | Sewer    | Found a glowing silver altar of Zin.
  1307 | D:5      | Entered Level 5 of the Dungeon
  1344 | D:6      | HP: 1/52 [poisoned by an orc]
  1345 | D:6      | Succumbed to an orc's poison

Illustrated notes

Levels and vault maps discovered:
D:1:      onia_arrival_pentagram, layout_basic, basic_ecumenical_altar,
          serial_shops, shop
D:2:      layout_rooms, minmay_pentomino_pile
D:3:      layout_loops_corners, grunt_dithmenos_smoke, kennysheep_slug_shrine,
          gammafunk_ghost_grave, serial_rivers, chequers_serial_rivers_micro_d,
          chequers_serial_rivers_marsh, chequers_serial_rivers_micro_d,
          chequers_serial_rivers_micro_b, serial_shops,
          nicolae_shop_statue_plus, shop_statue, dreamdust_mushroom_princess
D:4:      layout_basic, okawaru_ov_weapons_minmay,
          amethyst_overflow_temple_binary, portal_sewer_entry_d
D:5:      layout_basic, amcnicky_altar_gilded, ashenzari_conservatory_becter,
          minmay_temple_entry_statues_pillars, serial_shops,
          nicolae_shop_waterfront, serial_demonic, serial_demonic_b,
          serial_demonic_f, serial_demonic_d, serial_demonic_c,
          chequers_serial_rivers_large_b, ebering_dispersal_statue_hall,
          uniq_eustachio, uniq_edmund
D:6:      layout_basic

Skill      XL: |  1  2  3  4  5  6 |
---------------+-------------------+-----
Dodging        | 1 2 3 |  3.7
Long Blades    | 3 4 |  4.3
Stealth        | 1 2 |  2.0
Shields        | 4 |  4.0
Armour         | 4 |  4.0
Fighting       | 4 |  4.0

Action                     |  1- 3 |  4- 6 || total
---------------------------+-------+-------++-------
  Melee: Long sword        |   100 |    77 ||   177
    Use: Scroll            |     3 |     5 ||     8
         Potion            |       |     2 ||     2
 Armour: Scale mail        |    73 |    24 ||    97
  Dodge: Dodged            |    53 |    28 ||    81
  Block: Buckler           |    27 |    16 ||    43

Table legend: (Time is in decaauts)
 A = Elapsed time spent in this place.
 B = Non-inter-level travel time spent in this place.
 C = Inter-level travel time spent in this place.
 D = Time resting spent in this place.
 E = Time spent auto-exploring this place.
 F = Levels seen in this place.
 G = Mean time per level.
                   A        B        C        D        E       F      G
               +--------+--------+--------+--------+--------+-----+--------+
         Total |   1429 |   1272 |    157 |      9 |      0 |   7 |  204.1 |
       Dungeon |   1221 |   1064 |    157 |      2 |      0 |   6 |  203.5 |
         Sewer |    207 |    207 |      0 |      7 |      0 |   1 |  207.0 |
               +--------+--------+--------+--------+--------+-----+--------+

Top non-repeatable levels by time:
     D:4: 643 daAuts
   Sewer: 207 daAuts
     D:2: 192 daAuts
     D:1: 180 daAuts
     D:3: 163 daAuts
     D:6: 32 daAuts
     D:5: 8 daAuts
